 Dungeon Crawl Stone Soup version 0.24.0-123-gd5b16e6ec5 (webtiles) character file.

Game seed: 11691786346321483719, levelgen mode: deterministic

3059 FishyPogo the Magician (level 9, -3/71 HPs)
             Began as a Gnoll Skald on Dec 20, 2019.
             Was an Elder of Okawaru.
             Slain by a killer bee (8 damage)
             ... while paralysed
             ... on level 6 of the Dungeon.
             The game lasted 00:23:55 (4255 turns).

FishyPogo the Magician (Gnoll Skald)                Turns: 4255, Time: 00:23:57

Health: -3/71      AC:  9    Str: 17    XL:     9   Next: 87%
Magic:  11/19      EV:  2    Int: 16    God:    Okawaru [****..]
Gold:   207        SH:  0    Dex: 14    Spells: 10/21 levels left

rFire    + . .     SeeInvis .   a - +4 dagger
rCold    . . .     Gourm    .   i - +0 buckler
rNeg     . . .     Faith    .   y - +1 ring mail {rF+}
rPois    +         Spirit   .   (no helmet)
rElec    .         Reflect  .   D - +0 cloak
rCorr    .         Harm     .   s - +0 pair of gloves
MR       .....                  (no boots)
Stlth    ++........             t - amulet of magic regeneration
HPRegen  0.21/turn              B - ring of poison resistance
MPRegen  0.41/turn              (no ring)

@: paralysed, marked, infused, berserk cooldown, slowed
A: distributed training, fangs 1, strong nose
a: Heroism, Renounce Religion


You were on level 6 of the Dungeon.
You worshipped Okawaru.
Okawaru was greatly pleased with you.
You were not hungry.

You visited 1 branch of the dungeon, and saw 7 of its levels.

You collected 207 gold pieces.

Inventory:

Hand Weapons
 a - a +4 dagger (weapon)
 b - a +1 dagger of holy wrath
Missiles
 k - 14 poisoned darts (quivered)
 l - 78 stones
 z - a throwing net
Armour
 i - a +0 buckler (worn)
 s - a +0 pair of gloves (worn)
 y - a +1 ring mail of fire resistance (worn)
 D - a +0 cloak (worn)
Jewellery
 t - an amulet of magic regeneration (around neck)
 B - a ring of poison resistance (left hand)
 G - an uncursed ring of fire
Wands
 q - a wand of flame (10)
 A - a wand of iceblast (8)
 F - a wand of acid (8)
Scrolls
 c - 2 scrolls of enchant weapon {unknown}
 e - 8 scrolls of identify {unknown}
 g - 3 scrolls of teleportation {unknown}
 h - 3 scrolls of remove curse {unknown}
 o - 2 scrolls of fog {unknown}
 r - 2 scrolls of magic mapping {unknown}
 w - 3 scrolls of fear {unknown}
 E - 2 scrolls of amnesia {unknown}
Potions
 f - a potion of ambrosia {unknown}
 j - a potion of might {unknown}
 n - 3 potions of curing
 p - a potion of haste
 u - a potion of magic {unknown}
 v - a potion of heal wounds
 C - a potion of flight {unknown}
Comestibles
 d - 7 rations
 m - 6 chunks of flesh


   Skills:
 + Level 6.5 Fighting
 + Level 4.5 Short Blades
 + Level 6.5 Long Blades
 + Level 4.5 Axes
 + Level 4.5 Maces & Flails
 + Level 4.5 Polearms
 + Level 4.5 Staves
 + Level 4.5 Slings
 + Level 4.5 Bows
 + Level 4.5 Crossbows
 + Level 4.5 Throwing
 + Level 5.3 Armour
 + Level 6.5 Dodging
 + Level 4.5 Stealth
 + Level 4.5 Shields
 + Level 4.5 Unarmed Combat
 + Level 6.8 Spellcasting
 + Level 3.8 Conjurations
 + Level 3.8 Hexes
 + Level 6.7 Charms
 + Level 3.8 Summonings
 + Level 3.8 Necromancy
 + Level 3.8 Translocations
 + Level 3.8 Transmutations
 + Level 3.8 Fire Magic
 + Level 3.8 Ice Magic
 + Level 3.8 Air Magic
 + Level 3.8 Earth Magic
 + Level 3.8 Poison Magic
 + Level 5.0 Invocations
 + Level 4.5 Evocations


You had 10 spell levels left.
You knew the following spells:

 Your Spells              Type           Power        Failure   Level  Hunger
h - Regeneration          Chrm/Necr      ###.......   8%          3    ##.....
n - Spectral Weapon       Hex/Chrm       ###.....     8%          3    ##.....
p - Shroud of Golubria    Chrm/Tloc      ###...       3%          2    None
u - Song of Slaying       Chrm           ####....     1%          2    None
y - Infusion              Chrm           ####         1%          1    None

Your spell library contained the following spells:

 Spells                   Type           Power        Failure   Level  Hunger
 Confusing Touch          Hex            ###...       4%          1    None
 Confuse                  Hex            ###.....     14%         3    ##.....
 Gell's Gravitas          Tloc           ###.......   14%         3    ##.....
 Petrify                  Tmut/Erth      ###.....     41%         4    ####...
 Metabolic Englaciation   Hex/Ice        ###.......   77%         5    #####..
 Yara's Violent Unravell  Hex/Tmut       ###.......   77%         5    #####..


Dungeon Overview and Level Annotations

Branches:
Dungeon (7/15)             Temple (0/1) D:6

Altars:
Gozag
Makhleb
Okawaru
Trog


Innate Abilities, Weirdness & Mutations

Your experience applies equally to all skills.
You have very sharp teeth.
Your uncanny sense of smell can sniff out nearby items.


Message History

The killer bee stings you. x2
The killer bee stings you but does no damage.
The killer bee stings you. The killer bee barely misses you.
The killer bee stings you but does no damage.
The killer bee stings you.
* * * LOW HITPOINT WARNING * * *
The killer bee stings you.
* * * LOW HITPOINT WARNING * * *
The killer bee stings you.
* * * LOW HITPOINT WARNING * * *
The killer bee stings you but does no damage.
The killer bee stings you.
* * * LOW HITPOINT WARNING * * *
The killer bee stings you but does no damage.
The killer bee stings you.
* * * LOW HITPOINT WARNING * * *
The killer bee stings you!
* * * LOW HITPOINT WARNING * * *
The killer bee stings you!
You die...

#.# ##.##.######........##
###.#### #........##..........
#......#######.......####......##
#...........##.......# ########
#...........##.).....#
###.##......##.......#
#.##......##.....###
#.##.........y...#
#............y@###
######.......†.# #.######### #.#
#.# #.# #.# #.# #'#


You could see 2 killer bees.

Vanquished Creatures
  Harold (D:7)
  Grinder (D:3)
  Eustachio (D:5)
  An ice beast (D:6)
  2 phantoms
  A sky beast (D:6)
  4 ogres
  3 centaurs
  Blork the orc (D:5)
  4 scorpions
  2 killer bees (D:6)
  A bullfrog zombie (D:5)
  A bullfrog skeleton (D:4)
  4 hounds
  An orc priest (D:5)
  2 centaur skeletons
  Natasha (thrice) (D:4)
  3 orc wizards
  3 worker ants
  A killer bee zombie (D:6)
  A hound skeleton (D:6)
  4 gnolls (D:4)
  6 adders
  4 oozes
  An adder skeleton (D:5)
  A worm (D:2)
  2 dart slugs
  8 leopard geckos
  16 orcs
  2 ball pythons
  11 bats
  3 giant cockroaches
  7 goblins
  5 hobgoblins
  4 jackals
  3 quokkas
  A ball python skeleton (D:4)
  3 frilled lizards
  13 kobolds
  A quokka skeleton (D:3)
  8 rats
144 creatures vanquished.

Vanquished Creatures (others)
  A wizard (D:3)
  5 spectral weapons
6 creatures vanquished.

Grand Total: 150 creatures vanquished

Notes
Turn   | Place    | Note
-------+----------+-------------------------------------------
     0 | D:1      | FishyPogo the Gnoll Skald began the quest for the Orb.
     0 | D:1      | Reached XP level 1. HP: 20/20 MP: 6/6
   109 | D:1      | Reached XP level 2. HP: 26/26 MP: 7/7
   223 | D:1      | Learned a level 2 spell: Song of Slaying
   226 | D:1      | Learned a level 2 spell: Shroud of Golubria
   236 | D:1      | You fall into a shaft and drop 1 floor!
   481 | D:2      | Reached XP level 3. HP: 31/31 MP: 1/9
   488 | D:2      | Reached skill level 5 in Spellcasting
   538 | D:2      | Learned a level 3 spell: Regeneration
   542 | D:2      | Learned a level 3 spell: Spectral Weapon
   570 | D:2      | Reached skill level 1 in Invocations
   749 | D:2      | Reached skill level 1 in Short Blades
   749 | D:2      | Reached skill level 1 in Axes
   749 | D:2      | Reached skill level 1 in Maces & Flails
   749 | D:2      | Reached skill level 1 in Polearms
   749 | D:2      | Reached skill level 1 in Staves
   749 | D:2      | Reached skill level 1 in Slings
   749 | D:2      | Reached skill level 1 in Bows
   749 | D:2      | Reached skill level 1 in Crossbows
   749 | D:2      | Reached skill level 1 in Throwing
   749 | D:2      | Reached skill level 1 in Stealth
   749 | D:2      | Reached skill level 1 in Shields
   749 | D:2      | Reached skill level 1 in Unarmed Combat
   749 | D:2      | Reached skill level 1 in Evocations
   798 | D:2      | Reached XP level 4. HP: 33/38 MP: 4/11
   848 | D:2      | Found an iron altar of Okawaru.
   856 | D:2      | Became a worshipper of Warmaster Okawaru
  1322 | D:3      | Found a bloodstained altar of Trog.
  1335 | D:3      | Reached skill level 1 in Conjurations
  1335 | D:3      | Reached skill level 1 in Hexes
  1335 | D:3      | Reached skill level 1 in Summonings
  1335 | D:3      | Reached skill level 1 in Necromancy
  1335 | D:3      | Reached skill level 1 in Translocations
  1335 | D:3      | Reached skill level 1 in Transmutations
  1335 | D:3      | Reached skill level 1 in Fire Magic
  1335 | D:3      | Reached skill level 1 in Ice Magic
  1335 | D:3      | Reached skill level 1 in Air Magic
  1335 | D:3      | Reached skill level 1 in Earth Magic
  1335 | D:3      | Reached skill level 1 in Poison Magic
  1456 | D:3      | Noticed Grinder
  1469 | D:3      | Reached XP level 5. HP: 38/43 MP: 5/12
  1483 | D:3      | Paralysed by Grinder for 4 turns
  1500 | D:3      | Killed Grinder
  1500 | D:3      | Reached * piety under Okawaru
  1500 | D:3      | Reached skill level 5 in Fighting
  1500 | D:3      | Reached skill level 5 in Long Blades
  1500 | D:3      | Reached skill level 5 in Dodging
  1500 | D:3      | Reached XP level 6. HP: 39/51 MP: 7/14
  2010 | D:3      | Noticed a wizard
  2015 | D:3      | Killed a wizard
  2076 | D:4      | Noticed a phantom
  2100 | D:4      | Killed a phantom
  2100 | D:4      | Reached XP level 7. HP: 45/56 MP: 11/15
  2205 | D:4      | Noticed Natasha
  2229 | D:4      | Killed Natasha
  2492 | D:4      | Noticed Natasha
  2505 | D:4      | Killed Natasha
  2520 | D:4      | Reached ** piety under Okawaru
  2574 | D:4      | Noticed Natasha
  2583 | D:4      | Killed Natasha
  2599 | D:5      | Entered Level 5 of the Dungeon
  2662 | D:5      | Reached XP level 8. HP: 62/63 MP: 12/16
  2700 | D:5      | Found an opulent altar of Gozag.
  2714 | D:5      | Noticed Eustachio
  2746 | D:5      | Killed Eustachio
  3087 | D:5      | Noticed Blork the orc
  3111 | D:5      | Reached *** piety under Okawaru
  3277 | D:5      | Killed Blork the orc
  3571 | D:6      | Reached XP level 9. HP: 69/69 MP: 3/18
  3612 | D:6      | Found a burning altar of Makhleb.
  3938 | D:6      | Reached **** piety under Okawaru
  4060 | D:6      | Found a staircase to the Ecumenical Temple.
  4196 | D:7      | Noticed Harold
  4221 | D:7      | Reached skill level 5 in Armour
  4243 | D:7      | Killed Harold
  4243 | D:7      | Reached skill level 5 in Invocations
  4255 | D:6      | Slain by a killer bee

Levels and vault maps discovered:
D:1:      scummos_arrival_forest, layout_rooms, minmay_tetromino_i2
D:2:      layout_basic, marbit_many_paths
D:3:      layout_basic, first_ration, grunt_ministairs_1, trog_wizard,
          uniq_grinder
D:4:      layout_rooms, kennysheep_small_square, uniq_natasha
D:5:      layout_basic, nicolae_gozag_seed_capital,
          chequers_serial_rivers_marsh, uniq_eustachio, uniq_blork_the_orc
D:6:      layout_basic, lemuel_round_altar, minmay_temple_entry_enclosed_plants
D:7:      layout_cave_pools, slow_altar_1, uniq_harold

Skill      XL: |  1  2  3  4  5  6  7  8  9 |
---------------+----------------------------+-----
Spellcasting   | 5 6 |  6.8
Invocations    | 1 2 3 4 5 |  5.0
Short Blades   | 1 2 3 4 |  4.5
Axes           | 1 2 3 4 |  4.5
Maces & Flails | 1 2 3 4 |  4.5
Polearms       | 1 2 3 4 |  4.5
Staves         | 1 2 3 4 |  4.5
Slings         | 1 2 3 4 |  4.5
Bows           | 1 2 3 4 |  4.5
Crossbows      | 1 2 3 4 |  4.5
Throwing       | 1 2 3 4 |  4.5
Stealth        | 1 2 3 4 |  4.5
Shields        | 1 2 3 4 |  4.5
Unarmed Combat | 1 2 3 4 |  4.5
Evocations     | 1 2 3 4 |  4.5
Conjurations   | 1 2 3 |  3.8
Hexes          | 1 2 3 |  3.8
Summonings     | 1 2 3 |  3.8
Necromancy     | 1 2 3 |  3.8
Translocations | 1 2 3 |  3.8
Transmutations | 1 2 3 |  3.8
Fire Magic     | 1 2 3 |  3.8
Ice Magic      | 1 2 3 |  3.8
Air Magic      | 1 2 3 |  3.8
Earth Magic    | 1 2 3 |  3.8
Poison Magic   | 1 2 3 |  3.8
Fighting       | 5 6 |  6.5
Long Blades    | 5 6 |  6.5
Armour         | 3 4 5 |  5.3
Dodging        | 5 6 |  6.5
Charms         | 6 |  6.7

Action                   |  1- 3 |  4- 6 |  7- 9 || total
-------------------------+-------+-------+-------++-------
Melee: Falchion          |    89 |   100 |   104 ||   293
       Bite              |     6 |    16 |    49 ||    71
       Punch             |       |     1 |     1 ||     2
       Dagger            |       |    25 |   225 ||   250
       Whip              |       |     4 |       ||     4
Throw: Dart              |     1 |     1 |    11 ||    13
 Cast: Infusion          |     1 |     1 |     3 ||     5
       Shroud of Golubri |     7 |     5 |    27 ||    39
       Song of Slaying   |     1 |     3 |     7 ||    11
       Spectral Weapon   |     2 |    10 |    34 ||    46
       Regeneration      |       |     6 |    15 ||    21
  Use: Potion            |       |     1 |     3 ||     4
       Scroll            |       |       |     2 ||     2
 Stab: Sleeping          |     1 |     1 |     3 ||     5
       Distracted        |       |     1 |     3 ||     4
  Eat: Chunk             |       |     6 |    11 ||    17
Armor: Leather armour    |    27 |    21 |       ||    48
       Ring mail         |       |     9 |    82 ||    91
Dodge: Dodged            |    70 |    95 |   187 ||   352
Block: Buckler           |       |       |    53 ||    53
       Rpst.: Falchion   |    22 |    29 |    17 ||    68
